 Dungeon Crawl Stone Soup version 0.30.1 (webtiles) character file.

Game seed: 6009005169150870937

52 Sabo the Chopper (level 3, -6/33 HPs)
             Began as a Hill Orc Monk on July 3, 2023.
             Killed by divine providence
             ... invoked by an orc priest
              (16 damage)
             ... on level 3 of the Dungeon.
             The game lasted 00:05:45 (1407 turns).

Sabo the Chopper (Hill Orc Monk)                    Turns: 1407, Time: 00:05:46

Health: -6/33      AC:  5    Str: 15    XL:     3   Next: 85%
Magic:  3/3        EV: 11    Int: 10    God:
Gold:   86         SH:  0    Dex: 13    Spells: 2/2 levels left

rFire   . . .        a - +0 hand axe
rCold   . . .        d - orb {light}
rNeg    + . .        i - +0 ring mail
rPois   .            (no helmet)
rElec   .            (no cloak)
rCorr   .            (no gloves)
SInv    .            (no boots)
Will    .....        e - amulet of the acrobat
Stlth   +            n - ring of positive energy
HPRegen 0.25/turn    (no ring)
MPRegen 0.08/turn

%: acrobat
@: glowing
A: no striking features
a: Convert to Beogh


You were on level 3 of the Dungeon.
You visited 1 branch of the dungeon, and saw 3 of its levels.

You collected 86 gold pieces.

Inventory:

Hand Weapons
 a - a +0 hand axe (weapon)
 h - a +0 sling
Armour
 d - an orb of light (worn)
 i - a +0 ring mail (worn)
Jewellery
 e - an amulet of the acrobat (around neck)
 g - an amulet of guardian spirit
 n - a ring of positive energy (left hand)
Scrolls
 j - 2 scrolls of identify {unknown}
 k - a scroll of teleportation {unknown}
 l - a scroll of acquirement {unknown}
 m - 3 scrolls of enchant weapon {unknown}
 o - a scroll of blinking {unknown}
 p - a scroll of fog {unknown}
Potions
 b - a potion of cancellation {unknown}
 f - a potion of might {unknown}


   Skills:
 + Level 4.1 Fighting
 + Level 4.9 Axes
 + Level 1.1 Armour
 + Level 2.9 Dodging


You had 2 spell levels left.
You didn't know any spells.
Your spell library was empty.

Dungeon Overview and Level Annotations

Branches:
Dungeon (2/15)

Altars:


Message History

The orc priest is moderately wounded.
You hit the orc wizard but do no damage.
A dart slug comes into view.
The orc priest hits you with a +0 flail.
The orc wizard gestures at you while chanting.
You are confused.
The orc priest threatens, "By the altar or by the axe, you will meet Beogh!"
The orc priest invokes the aid of Beogh against you.
Pain shoots through your body!
The orc priest looks braver for a moment.
You hit the orc but do no damage. The orc misses you.
The kobold attacks as you move away! The kobold hits you with a +0 club.
You feel less confused.
You hit the kobold.
You kill the kobold!
You hit the orc but do no damage. The orc hits you but does no damage.
You hit the orc.
The orc is moderately wounded.
You hit the orc but do no damage. The orc hits you with a +0 dagger.
The orc closely misses you.
You hit the orc.
The orc is severely wounded.
You barely miss the orc.
The orc wizard mumbles some strange words.
The orc wizard flickers and vanishes for a moment.
You barely miss the orc. You hit the orc but do no damage.
You hit the orc but do no damage.
The orc priest shouts, "Surrender to Beogh and we'll let you live!"
You hit the orc wizard. The orc barely misses you.
You hit the orc.
The orc is heavily wounded.
You hit the orc wizard but do no damage.
The orc priest mumbles some strange prayers to Beogh against you.
Beogh smites you! The orc hits you with a +0 dagger. The orc wizard misses you.
You hit the orc.
The orc is severely wounded.
You barely miss the orc wizard.
The orc priest calls down the wrath of Beogh upon you.
Beogh smites you!
You die...

..... #..#
##..#### ####
#......# .....
#......#
......#.o....#
......oorl...#
.....r.#oo####
w...$..#.@#
..........#
........#.#
...........
............
####.........
#.####..... #.
#.#####


You could see 2 orc priests, an orc wizard (invisible), 2 orcs, a frilled lizard
and a rat.

Vanquished Creatures
  2 adders (D:2)
  2 worms (D:2)
  A dart slug (D:1)
  4 endoplasms
  A goblin (D:1)
  2 hobgoblins (D:1)
  3 quokkas
  2 ball pythons (D:1)
  2 bats
  4 frilled lizards
  A kobold (D:3)
  3 rats
27 creatures vanquished.

Notes
Turn   | Place    | Note
-------+----------+-------------------------------------------
     0 | D:1      | Sabo the Hill Orc Monk began the quest for the Orb.
     0 | D:1      | Reached XP level 1. HP: 19/19 MP: 1/1
   150 | D:1      | Reached XP level 2. HP: 27/27 MP: 2/2
  1092 | D:2      | Reached XP level 3. HP: 29/33 MP: 3/3
  1204 | D:2      | Reached skill level 1 in Armour
  1385 | D:2      | You fall into a shaft and drop 1 floor!
  1407 | D:3      | Killed from afar by an orc priest

Illustrated notes

Levels and vault maps discovered:
D:1:      ncdulo_smallfort, layout_loops_ring
D:2:      wander_river, layout_basic, chequers_serial_rivers_large_b
D:3:      layout_rooms, mainiacjoe_overflow_large_starburst, minmay_circle_x,
          uniq_sigmund, uniq_robin

Skill      XL: |  1  2  3 |
---------------+----------+-----
Fighting       | 4 |  4.1
Armour         | 1 |  1.1
Axes           | |  4.9
Dodging        | |  2.9

Action                     || total
---------------------------++-------
  Melee: Hand axe          ||   106
    Use: Potion            ||     1
 Armour: Robe              ||     3
         Ring mail         ||    27
  Dodge: Dodged            ||    80
